 Dungeon Crawl Stone Soup version 0.28.0-47-ge53b351184 (webtiles) character file.

Game seed: 2253650255255688436

291 Kniotic the Insei (level 6, -5/47 HPs)
             Began as a Demonspawn Monk on May 10, 2022.
             Slain by an iguana (7 damage)
             ... on level 3 of the Dungeon.
             The game lasted 00:04:39 (4819 turns).

Kniotic the Insei (Demonspawn Monk)                 Turns: 4819, Time: 00:04:40

Health: -5/47      AC:  4    Str: 12    XL:     6   Next: 10%
Magic:  6/6        EV: 13    Int: 11    God:
Gold:   112        SH:  0    Dex: 17    Spells: 5/5 levels left

rFire   . . .      SeeInvis .     - Unarmed
rCold   . . .      Faith    .   (no shield)
rNeg    . . .      Spirit   .   a - +0 robe
rPois   .          Reflect  .   (no helmet)
rElec   .          Harm     .   (no cloak)
rCorr   .          Rampage  .   (no gloves)
Will    .....                   (no boots)
Stlth   ++........              (no amulet)
HPRegen 0.15/turn               (no ring)
MPRegen 0.10/turn               (no ring)

@: no status effects
A: molten scales 1, foul stench 1, powered by death 2
a: no special abilities


You were on level 3 of the Dungeon.
You visited 1 branch of the dungeon, and saw 4 of its levels.
You also visited: Sewer.

You collected 112 gold pieces.

Inventory:

Armour
 a - a +0 robe (worn)
Jewellery
 h - a ring of fire
Scrolls
 c - 3 scrolls of fog {unknown}
 d - a scroll of teleportation {unknown}
 f - a scroll of holy word {unknown}
 g - a scroll of immolation {unknown}
 i - 3 scrolls of identify {unknown}
 j - a scroll of enchant armour {unknown}
 k - a scroll of magic mapping {unknown}
 m - 3 scrolls of fear {unknown}
Potions
 b - a potion of might {unknown}
 e - 2 potions of mutation {unknown}
 l - a potion of heal wounds


   Skills:
 - Level 3.0 Fighting
 - Level 2.6 Dodging
 - Level 1.7 Stealth
 + Level 6.3 Unarmed Combat


You had 5 spell levels left.
You didn't know any spells.
Your spell library contained the following spells:

 Spells                   Type           Power      Damage    Failure   Level
 Magic Dart               Conj           0%         1d3       34%         1
 Call Imp                 Summ           0%         N/A       47%         2
 Sublimation of Blood     Necr           0%         N/A       47%         2
 Wereblood                Tmut           0%         N/A       47%         2
 Mephitic Cloud           Conj/Pois/Air  0%         N/A       71%         3
 Summon Hydra             Summ           0%         N/A       100%        7


Dungeon Overview and Level Annotations

Branches:
Dungeon (4/15)              Sewer (visited)
 Temple: D:4-7

Altars:
Qazlal
Yredelemnul


Innate Abilities, Weirdness & Mutations

You are partially covered in molten scales. (AC +2)
You may rarely emit foul miasma when damaged in melee.
You regenerate health from kills.


Message History

You are too injured to fight recklessly!
You are too injured to fight recklessly!
There is a stone staircase leading up here.
You can't go down here!
The iguana completely misses you.
You climb upwards.
There is a stone staircase leading down here.
You are too injured to fight recklessly!
You hit the iguana but do no damage.
The iguana is heavily wounded.
The iguana closely misses you.
You hit the iguana but do no damage.
The iguana is heavily wounded.
The iguana closely misses you.
You closely miss the iguana.
The iguana is heavily wounded.
The iguana closely misses you.
You hit the iguana but do no damage.
The iguana is heavily wounded.
You barely miss the iguana.
The iguana is heavily wounded.
The iguana closely misses you.
You hit the iguana.
The iguana is almost dead.
The iguana misses you.
You closely miss the iguana.
The iguana is almost dead.
The iguana bites you!
* * * LOW HITPOINT WARNING * * *
You hit the iguana but do no damage.
The iguana is almost dead.
The iguana bites you!
* * * LOW HITPOINT WARNING * * *
You hit the iguana but do no damage.
The iguana is almost dead.
The iguana misses you.
You closely miss the iguana.
The iguana is almost dead.
The iguana bites you!
You die...

.#.# #.#.# #........###''# #.#
.#.# #.#.# #.........##..# #.#
[#.######.#.# ###...[#.###..# #.#
............# #....#.....## #.#
...#..###..#########.#.##### #.#
#..#..###.>..>.......#.# #.#
#..............#######.# #.#
#..#.####..###.#######.########.#
......(....# #..@...............#
........##.#####l################
#...........# #.# #.#####.##..#
#.# #.# #...#..# #.# ..# #..##..#
#.# #.# #.###..# #.# ..# #.# #..#
#.# #.# ##.###..# #.#


You could see an iguana.

Vanquished Creatures
  A kobold brigand (Sewer)
  Terence (D:3)
  4 adders
  4 river rats
  An ufetubus (D:3)
  6 worms
  2 dart slugs
  3 orcs (D:3)
  12 bats
  8 endoplasms
  6 giant cockroaches
  7 goblins
  2 hobgoblins (D:2)
  3 jackals (D:2)
  12 kobolds
  6 quokkas
  8 ball pythons
  2 frilled lizards
  9 rats
97 creatures vanquished.

Notes
Turn   | Place    | Note
-------+----------+-------------------------------------------
     0 | D:1      | Kniotic the Demonspawn Monk began the quest for the Orb.
     0 | D:1      | Reached XP level 1. HP: 18/18 MP: 1/1
   114 | D:1      | Reached skill level 3 in Unarmed Combat
   434 | D:1      | Gained mutation: You regenerate a little health from kills.
                  | [demonic ancestry]
   434 | D:1      | Reached XP level 2. HP: 24/24 MP: 2/2
  1321 | D:2      | Reached XP level 3. HP: 29/29 MP: 3/3
  1369 | D:2      | Reached skill level 4 in Unarmed Combat
  2403 | D:2      | Gained mutation: You regenerate health from kills. [demonic
                  | ancestry]
  2403 | D:2      | Reached XP level 4. HP: 35/35 MP: 4/4
  2777 | D:3      | Noticed Terence
  2793 | D:3      | Killed Terence
  3103 | D:3      | Reached skill level 5 in Unarmed Combat
  3185 | D:3      | Found a glowing drain.
  3239 | D:3      | Gained mutation: You are partially covered in molten
                  | scales. (AC +2) [demonic ancestry]
  3239 | D:3      | Reached XP level 5. HP: 16/41 MP: 5/5
  3242 | Sewer    | Entered a sewer
  4078 | Sewer    | Reached skill level 6 in Unarmed Combat
  4198 | Sewer    | Gained mutation: You may rarely emit foul miasma when
                  | damaged in melee. [demonic ancestry]
  4198 | Sewer    | Reached XP level 6. HP: 42/47 MP: 6/6
  4349 | D:3      | Found a faded altar of an unknown god.
  4777 | D:3      | Found a stormy altar of Qazlal.
  4777 | D:3      | Found a basalt altar of Yredelemnul.
  4817 | D:3      | HP: 2/47 [iguana (11)]
  4819 | D:3      | Slain by an iguana

Illustrated notes

Levels and vault maps discovered:
D:1:      heliophobic_arrival_henge, layout_basic, minmay_cupped
D:2:      layout_loops_ring, amcnicky_mini_corridor_feature,
          minmay_misc_feat_tiny, grunt_decor_junction, grunt_decor_cap,
          kennysheep_generic_room_5
D:3:      layout_loops_ring, gammafunk_temple_overflow_wave,
          gup_sewer_entry_bubbles,
          hellmonk_ecumenical_altar_pennies_from_heaven, uniq_terence
D:4:      layout_cave_pools, uniq_pikel

Skill      XL: |  1  2  3  4  5 |
---------------+----------------+-----
Unarmed Combat | 3 4 5 6 |  6.3
Fighting       | |  3.0
Dodging        | |  2.6
Stealth        | |  1.7

Action                   |  1- 3 |  4- 6 || total
-------------------------+-------+-------++-------
Melee: Unarmed           |   162 |   282 ||   444
       Punch             |     3 |    10 ||    13
  Use: Potion            |     2 |     3 ||     5
 Stab: Sleeping          |     8 |     2 ||    10
Armor: Robe              |    21 |    45 ||    66
Dodge: Dodged            |   112 |   165 ||   277
